[Event "Team 45 45 League T36"]
[Site "Internet Chess Club"]
[Date "2008.02.29"]
[Round "6"]
[White "hewdondada"]
[Black "Kingofknights"]
[Result "1-0"]
[WhiteElo "1864"]
[BlackElo "1712"]
[Opening "QGD Slav: 3.Nf3"]
[ECO "D11"]
[Time "21:01:33"]
[TimeControl "2700+45"]

1. d4 d5 2. c4 c6 3. Nf3 Nf6 4. Bg5 dxc4 5. Bxf6 exf6 6. e3 Bb4+ 7. Nc3 Be6 8.
Qc2 O-O 9. Be2 Re8 10. O-O b5 11. Rfd1 Bxc3 12. bxc3 Bd5 13. Nd2 Qd6 14. e4 Qf4
15. Bf3 Be6 16. h3 Qg5 17. Kh2 a6 18. Nf1 Ra7 19. Ne3 Rd7 20. Kh1 Red8 21. d5
cxd5 22. exd5 Qe5 23. dxe6 fxe6 24. Rxd7 Rxd7 25. Rd1 Qc7 26. Qe4 Rxd1+ 27. Nxd1
Qd6 28. Qb7 h6 29. Ne3 Kh7 30. Qf7 Nd7 31. Be4+ f5 32. Nxf5 Qe5 33. Ne7+ Qxe4
34. Qg8# {Black checkmated} 1-0

[Event "Team 45 45 League T36"]
[Site "Internet Chess Club"]
[Date "2008.03.03"]
[Round "6"]
[White "nursey"]
[Black "ExpertLevel"]
[Result "0-1"]
[WhiteElo "1685"]
[BlackElo "1800"]
[Opening "Sicilian: O'Kelly variation"]
[ECO "B28"]
[Time "10:09:03"]
[TimeControl "2700+45"]

1. e4 c5 2. Nf3 a6 3. d4 cxd4 4. Nxd4 Nf6 5. Nc3 e5 6. Nf3 Bb4 7. Bd2 Nc6 8. Nd5
Bxd2+ 9. Nxd2 O-O 10. Bc4 b5 11. Nxf6+ Qxf6 12. Bd5 Rb8 13. O-O Nb4 14. Re1 Nxd5
15. exd5 Bb7 16. Ne4 Qg6 17. Nc5 Qd6 18. Nxb7 Rxb7 19. Qe2 f6 20. Rad1 Rc7 21.
a3 Rfc8 22. Rd2 b4 23. axb4 Qxb4 24. c3 Qb6 25. d6 Rc6 26. Red1 a5 27. Qg4 Qb7
28. Re1 Rc4 29. Qf5 R8c5 30. Rde2 Rf4 31. Qh5 g6 32. Qh6 Rcc4 33. h3 Rf5 34. Qe3
Rg5 35. f3 a4 36. Kh1 h5 37. Qd2 Rc5 38. Re3 Rd5 39. Qe2 Rxd6 40. Re4 Rb6 41.
Rxa4 Rxb2 42. Qa6 Qxa6 43. Rxa6 Rgxg2 44. Rxf6 Rh2+ 45. Kg1 Rhg2+ 46. Kh1 Rh2+
47. Kg1 Kg7 48. Rb6 Rhg2+ 49. Kh1 Rh2+ 50. Kg1 Rxb6 51. Kxh2 Kf6 52. c4 Rb2+ 53.
Kg3 Rc2 54. Rd1 Ke6 55. Kh4 Rxc4+ 56. Kg5 Rf4 57. Rd3 Rd4 58. Rc3 d6 59. Kxg6
Rh4 60. f4 Rxf4 61. Kxh5 Kf5 62. Rd3 Rd4 63. Rf3+ Rf4 64. Rd3 Ke6 65. Kg5 d5 66.
h4 Rd4 67. Rf3 Rd1 68. Rf6+ Ke7 69. Rh6 d4 70. Kf5 Re1 71. Re6+ Kf7 72. Rd6 Ke7
73. Re6+ Kd7 74. Rg6 d3 75. Rg3 e4 76. Rg7+ Kd6 77. Rg8 Kc7 78. Rg7+ Kc6 79.
Rg6+ Kc5 {White resigns} 0-1

[Event "Team 45 45 League T36"]
[Site "Internet Chess Club"]
[Date "2008.03.02"]
[Round "6"]
[White "chesskix"]
[Black "Ernie1"]
[Result "1-0"]
[WhiteElo "1629"]
[BlackElo "1635"]
[Opening "QGD Slav: exchange variation"]
[ECO "D13"]
[Time "20:01:10"]
[TimeControl "2700+45"]

1. Nf3 c6 2. c4 d5 3. cxd5 cxd5 4. d4 Nf6 5. Nc3 Nc6 6. g3 Bf5 7. Bg2 e6 8. O-O
Bd6 9. Bg5 h6 10. Bxf6 Qxf6 11. e3 a6 12. Rc1 O-O 13. a3 b5 14. b4 Rac8 15. Nh4
Bh7 16. Nf3 Nb8 17. Qd2 Nd7 18. Rfd1 Nb6 19. Qa2 Nc4 20. Nd2 Qe7 21. Nb3 Qg5 22.
Re1 Rc7 23. Nc5 Bxc5 24. bxc5 Qd8 25. Ra1 Re7 26. Red1 Qa5 27. Ne2 g5 28. h3 f5
29. Kh2 Ref7 30. Ng1 f4 31. exf4 gxf4 32. g4 f3 33. Bf1 Qc7+ 34. Kh1 Ne3 35. Rd2
Qe7 36. Bd3 Bxd3 37. Rxd3 Nxg4 38. Nxf3 Rxf3 39. Rxf3 Rxf3 40. hxg4 Qh4+ 41. Kg1
Qxg4+ 42. Kf1 Qxd4 43. Rc1 Qd3+ 44. Qe2 Qxa3 45. Qxe6+ Rf7 46. Qe8+ Kg7 47. Qe5+
Kh7 48. Qc3 Qxc3 49. Rxc3 Rc7 50. c6 Kg6 51. Rc5 Kf6 52. f4 Ke6 53. Ke2 Kd6 54.
Rc1 Rxc6 55. Rh1 Kc5 56. Rc1+ Kb6 57. Rd1 Rd6 58. Kf3 a5 59. f5 a4 60. Kf4 b4
61. Ke5 Kc6 62. f6 Kd7 63. f7 Re6+ 64. Kxd5 Rd6+ 65. Kc5 Rxd1 66. f8=Q b3 67.
Qf7+ Kc8 68. Kb6 Rd7 69. Qe8+ Rd8 70. Qxa4 b2 71. Qc2+ Kb8 72. Qxb2 Rd7 73. Kc6+
Kc8 74. Qh8+ Rd8 75. Qxh6 Kb8 76. Kb6 Rc8 77. Qd6+ Ka8 78. Qa3+ {Black resigns}
1-0

[Event "Team 45 45 League T36"]
[Site "Internet Chess Club"]
[Date "2008.03.01"]
[Round "6"]
[White "Badu"]
[Black "Knight77"]
[Result "1-0"]
[WhiteElo "1996"]
[BlackElo "1920"]
[Opening "King's Indian: Torre attack"]
[ECO "A48"]
[Time "09:02:08"]
[TimeControl "2700+45"]

1. d4 Nf6 2. Nf3 g6 3. Bg5 Bg7 4. Nbd2 d6 5. e4 O-O 6. Bd3 h6 7. Bh4 Nbd7 8. Qe2
e5 9. c3 Re8 10. O-O Nf8 11. Rfd1 g5 12. Bg3 Ng6 13. Nf1 Nf4 14. Bxf4 exf4 15.
h3 Nxe4 16. Bxe4 Bf5 17. Ne5 Bxe4 18. Qxe4 dxe5 19. dxe5 Qe7 20. Qxb7 Reb8 21.
Qc6 Qxe5 22. Rd7 Qe6 23. Qxe6 fxe6 24. Re1 Rxb2 25. Rxe6 Rb6 26. Ree7 Bxc3 27.
Rxc7 Bd4 28. Rcd7 Bh8 29. Rxa7 Rxa7 30. Rxa7 Rb2 31. Ra8+ Kh7 32. Ra4 Bc3 33. f3
Bb4 34. Kh2 Rb1 35. Ra7+ Kg6 36. Rb7 Rb2 37. a4 h5 38. a5 g4 39. fxg4 hxg4 40.
hxg4 f3 41. Rb6+ Kg5 42. Ne3 f2 43. a6 Bc5 44. Rxb2 Bxe3 45. Rb1 Kxg4 46. g3 Kf3
47. Kh3 Ke2 48. g4 Bd2 49. a7 Be1 50. Rb2+ Bd2 51. Rxd2+ Kxd2 52. a8=Q f1=Q+ 53.
Qg2+ {Black resigns} 1-0

[Event "Team 45 45 League T36"]
[Site "Internet Chess Club"]
[Date "2008.03.02"]
[Round "6"]
[White "kabindra"]
[Black "cayo89"]
[Result "1-0"]
[WhiteElo "1781"]
[BlackElo "1779"]
[Opening "French: Tarrasch, closed variation"]
[ECO "C05"]
[Time "11:00:00"]
[TimeControl "2700+45"]

1. e4 e6 2. d4 d5 3. Nd2 Nf6 4. e5 Nfd7 5. Bd3 c5 6. c3 Nc6 7. Ne2 Qb6 8. Nf3
cxd4 9. cxd4 f6 10. exf6 Nxf6 11. O-O Bd6 12. a3 O-O 13. b4 e5 14. dxe5 Nxe5 15.
Nxe5 Bxe5 16. Rb1 Ng4 17. Ng3 Nxf2 18. Qe2 Nxd3+ 19. Be3 Rxf1+ 20. Rxf1 Bd4 21.
Bxd4 Qxd4+ 22. Kh1 Bg4 23. Qd2 Qc4 24. h3 Bd7 25. Rd1 Nxb4 26. axb4 Be6 27. Re1
Bf7 28. Nf5 Rd8 29. Qg5 {Black forfeits on time} 1-0

[Event "Team 45 45 League T36"]
[Site "Internet Chess Club"]
[Date "2008.02.29"]
[Round "6"]
[White "HKNIGHT"]
[Black "jaybird"]
[Result "1-0"]
[WhiteElo "1757"]
[BlackElo "1697"]
[Opening "Queen's pawn game"]
[ECO "A45"]
[Time "20:27:01"]
[TimeControl "2700+45"]

1. d4 Nf6 2. e3 g6 3. Nd2 d5 4. f4 Bg7 5. Ngf3 Nbd7 6. Bd3 c5 7. c3 O-O 8. O-O
a6 9. a4 b6 10. Ne5 Bb7 11. Nxd7 Qxd7 12. Nf3 c4 13. Ne5 Qc7 14. Bc2 Bc8 15. Bd2
Nd7 16. e4 Nxe5 17. fxe5 dxe4 18. Bxe4 Bb7 19. Qf3 Rab8 20. Bf4 e6 21. Bxb7 Qxb7
22. Qh3 Qe7 23. Bh6 f6 24. Bxg7 Kxg7 25. exf6+ Rxf6 26. Qg3 Rbf8 27. Qe5 Kg8 28.
Rxf6 Qxf6 29. Qxf6 Rxf6 30. Rf1 Kg7 31. g4 Rxf1+ 32. Kxf1 Kf6 33. Kf2 Kg5 34.
Kg3 h6 35. h4+ Kf6 36. Kf4 Ke7 37. Ke5 h5 38. g5 a5 39. d5 exd5 40. Kxd5 Kd7 41.
Kxc4 Kc6 42. b3 Kd6 43. Kb5 Kc7 44. b4 axb4 45. cxb4 Kb7 46. a5 bxa5 47. bxa5
{Black resigns} 1-0

[Event "Team 45 45 League T36"]
[Site "Internet Chess Club"]
[Date "2008.02.29"]
[Round "6"]
[White "tammany"]
[Black "smsxman"]
[Result "1-0"]
[WhiteElo "1652"]
[BlackElo "1519"]
[Opening "QGD: Marshall defense"]
[ECO "A50"]
[Time "20:56:34"]
[TimeControl "2700+45"]

1. d4 Nf6 2. c4 d5 3. cxd5 Nxd5 4. e4 Nb6 5. Nf3 e6 6. Nc3 Bb4 7. a3 Bxc3+ 8.
bxc3 O-O 9. a4 Nc6 10. a5 Nd7 11. Bb5 a6 12. Bd3 e5 13. O-O Re8 14. Bc4 Nf6 15.
d5 Na7 16. Qe2 Bg4 17. h3 Bh5 18. Bg5 h6 19. Bh4 Qd6 20. Rfb1 Bg6 21. Bxf6 gxf6
22. Rxb7 Reb8 23. Rab1 c6 24. Rxb8+ Rxb8 25. Rxb8+ Qxb8 26. dxc6 Nxc6 27. Qd3
Nxa5 28. Bd5 Qc7 29. Nh4 Kg7 30. Nxg6 fxg6 31. Qxa6 h5 32. c4 Nb3 33. Qe6 Nd4
34. Qg8+ Kh6 35. Bf7 Ne2+ 36. Kh2 Kg5 37. Qxg6+ Kf4 38. Qf5# {Black checkmated}
1-0

[Event "Team 45 45 League T36"]
[Site "Internet Chess Club"]
[Date "2008.03.01"]
[Round "6"]
[White "FiendAngelical"]
[Black "Raisingthebar"]
[Result "1/2-1/2"]
[WhiteElo "1892"]
[BlackElo "1984"]
[Opening "Ruy Lopez: closed, Chigorin, 12...c5d4"]
[ECO "C99"]
[Time "13:01:52"]
[TimeControl "2700+45"]

1. e4 e5 2. Nf3 Nc6 3. Bb5 a6 4. Ba4 Nf6 5. O-O Be7 6. Re1 b5 7. Bb3 d6 8. h3
O-O 9. c3 Na5 10. Bc2 c5 11. d4 Qc7 12. Nbd2 cxd4 13. cxd4 Nc6 14. Nb3 Nb4 15.
Bb1 a5 16. a3 Na6 {Game drawn by mutual agreement} 1/2-1/2

[Event "Team 45 45 League T36"]
[Site "Internet Chess Club"]
[Date "2008.03.02"]
[Round "6"]
[White "vvsi"]
[Black "siddhu"]
[Result "0-1"]
[WhiteElo "1817"]
[BlackElo "1798"]
[Opening "KGA: bishop's gambit"]
[ECO "C33"]
[Time "11:28:05"]
[TimeControl "2700+45"]

1. e4 e5 2. f4 exf4 3. Bc4 d6 4. d4 Nf6 5. Nc3 c6 6. Bxf4 d5 7. exd5 cxd5 8. Bb3
Bd6 9. Bg5 h6 10. Bh4 g5 11. Bf2 Qe7+ 12. Nge2 Bb4 13. O-O Bxc3 14. bxc3 O-O 15.
Ng3 Re8 16. Qd2 Ne4 17. Nxe4 dxe4 18. Be3 Be6 19. d5 Bg4 20. d6 Qd8 21. Bxf7+
Kh7 22. Bxe8 Qxe8 23. Rf6 Nd7 24. Rf2 Ne5 25. Qd5 Bh5 26. Qxb7+ Kg8 27. Raf1 Nd7
28. Qd5+ Kh7 29. Rf7+ Bxf7 30. Rxf7+ Kg6 31. Qf5+ Kh5 32. g4+ Kh4 33. Bf2+ Kh3
34. Qxd7 Qb8 35. Be3 Qb1+ 36. Rf1 Qxc2 37. Qf5 Qg2# {White checkmated} 0-1

[Event "Team 45 45 League T36"]
[Site "Internet Chess Club"]
[Date "2008.03.01"]
[Round "6"]
[White "IceBox"]
[Black "AVEMARIA"]
[Result "1-0"]
[WhiteElo "1713"]
[BlackElo "1736"]
[Opening "Queen's Indian: Capablanca variation"]
[ECO "E16"]
[Time "11:01:26"]
[TimeControl "2700+45"]

1. d4 Nf6 2. c4 e6 3. Nf3 b6 4. g3 Bb7 5. Bg2 Bb4+ 6. Nc3 O-O 7. O-O a6 8. d5
Bxc3 9. bxc3 exd5 10. Nh4 Ne4 11. cxd5 Nxc3 12. Qd3 Qf6 13. Bb2 Nxe2+ 14. Qxe2
Qd8 15. Nf5 f6 16. Rfe1 a5 17. Rac1 Na6 18. Qg4 g6 19. Re7 Nc5 20. Nh6+ Kh8 21.
Nf7+ Rxf7 22. Rxf7 Kg8 {Black resigns} 1-0

[Event "Team 45 45 League T36"]
[Site "Internet Chess Club"]
[Date "2008.02.28"]
[Round "6"]
[White "cityprosecutor"]
[Black "Dbronstein06"]
[Result "1-0"]
[WhiteElo "1796"]
[BlackElo "1699"]
[Opening "Pirc: classical, h3 system"]
[ECO "B08"]
[Time "19:17:56"]
[TimeControl "2700+45"]

1. e4 d6 2. d4 Nf6 3. Nc3 g6 4. Nf3 Bg7 5. h3 O-O 6. Be3 Nc6 7. Qd2 e5 8. d5 Ne7
9. Be2 a5 10. Nh2 Nd7 11. Ng4 f5 12. Nh6+ Kh8 13. exf5 Nxf5 14. Nxf5 gxf5 15.
Bh6 Bxh6 16. Qxh6 Qf6 17. Qd2 Nc5 18. O-O-O Ne4 19. Nxe4 fxe4 20. g4 Qf4 21.
Rdf1 Qxd2+ 22. Kxd2 Rf4 23. Ke3 Bd7 24. Rc1 Raf8 25. Rh2 c6 26. c4 c5 27. Rc3
Kg7 28. Rb3 Rb8 29. Rb6 Rf6 30. g5 Rg6 31. h4 Kf8 32. Bh5 Rg7 33. Rxd6 b5 34.
cxb5 Rxb5 35. b3 a4 36. bxa4 Ra5 37. Rb6 Rxa4 38. d6 Ra8 39. Kxe4 c4 40. Rh1 Rc8
41. Rhb1 c3 42. Rb8 c2 43. Rxc8+ Bxc8 44. Rc1 Bb7+ 45. Kxe5 Rd7 46. Rxc2 {Black
resigns} 1-0

[Event "Team 45 45 League T36"]
[Site "Internet Chess Club"]
[Date "2008.03.04"]
[Round "6"]
[White "egd01"]
[Black "Duguesclin"]
[Result "0-1"]
[WhiteElo "1566"]
[BlackElo "1659"]
[Opening "French: Winawer, advance variation"]
[ECO "C17"]
[Time "14:29:38"]
[TimeControl "2700+45"]

1. e4 e6 2. d4 d5 3. Nc3 Bb4 4. e5 c5 5. Ne2 Nc6 6. a3 Bxc3+ 7. bxc3 Qb6 8. Be3
c4 9. Qb1 Qxb1+ 10. Rxb1 b6 11. Ng3 f6 12. f4 f5 13. Be2 Nh6 14. Nh5 O-O 15. h3
Bd7 16. g4 Be8 17. g5 Nf7 18. h4 Nh8 19. Ng3 Ng6 20. h5 Nge7 21. Kd2 Na5 22. g6
h6 23. Bd1 Ba4 24. Ne2 Nec6 25. Nc1 b5 26. Na2 Nb7 27. Nb4 Nxb4 28. cxb4 a5 29.
Kc3 axb4+ 30. Kxb4 Na5 31. Bf2 Rfc8 32. Bh4 c3 33. Rh3 Rc4# {White checkmated}
0-1

[Event "Team 45 45 League T36"]
[Site "Internet Chess Club"]
[Date "2008.02.28"]
[Round "6"]
[White "Boromir"]
[Black "Gil-galad"]
[Result "1/2-1/2"]
[WhiteElo "2014"]
[BlackElo "2065"]
[Opening "Sicilian: Canal-Sokolsky attack, Sokolsky variation"]
[ECO "B52"]
[Time "15:08:10"]
[TimeControl "2700+45"]

1. e4 c5 2. Nf3 d6 3. Bb5+ Bd7 4. Bxd7+ Qxd7 5. c4 Nc6 6. O-O Nf6 7. Nc3 g6 8.
d4 cxd4 9. Nxd4 Nxd4 10. Qxd4 Bg7 11. Re1 {Game drawn by mutual agreement}
1/2-1/2

[Event "Team 45 45 League T36"]
[Site "Internet Chess Club"]
[Date "2008.02.29"]
[Round "6"]
[White "The7thGuest"]
[Black "matein7"]
[Result "0-1"]
[WhiteElo "2026"]
[BlackElo "1987"]
[Opening "Scandinavian (center counter) defense"]
[ECO "B01"]
[Time "09:58:02"]
[TimeControl "2700+45"]

1. e4 d5 2. Nc3 d4 3. Nce2 e5 4. Ng3 Be7 5. Bc4 Nf6 6. Nf3 Nc6 7. O-O O-O 8. a3
Bg4 9. h3 Bh5 10. Nxh5 Nxh5 11. d3 Nf4 12. Nxe5 Nxh3+ 13. gxh3 Nxe5 14. Bb3 Qd7
15. Kg2 Kh8 16. f4 Ng6 17. Qg4 f5 18. exf5 Nh4+ 19. Kg1 Nxf5 20. Rf2 Rf6 21. Rg2
Rg6 22. Qe2 Rxg2+ 23. Qxg2 Rf8 24. Qd5 Qe8 25. Bd2 Qh5 26. Kh2 Bd6 27. Rg1 Qh4
28. Rg4 Qf2+ 29. Qg2 Qxg2+ 30. Kxg2 h5 31. Rg5 g6 32. Kf3 Nh4+ 33. Ke4 c6 34.
Ra5 Bc7 35. Re5 Bxe5 36. fxe5 Kg7 37. Bg5 Nf5 38. Be6 c5 39. Kd5 b6 40. Kc6 Ne3
41. Bd7 Rf2 42. c3 dxc3 43. bxc3 Nf5 44. Bf6+ Kf7 45. Bxf5 gxf5 46. d4 cxd4 47.
cxd4 f4 48. Bh4 Re2 49. Kd6 f3 50. d5 Ke8 51. Ke6 f2 52. d6 Rxe5+ 53. Kxe5 f1=Q
{White resigns} 0-1

[Event "Team 45 45 League T36"]
[Site "Internet Chess Club"]
[Date "2008.03.02"]
[Round "6"]
[White "ivanson"]
[Black "livis"]
[Result "0-1"]
[WhiteElo "1817"]
[BlackElo "1905"]
[Opening "Sicilian: Alapin's variation (2.c3)"]
[ECO "B22"]
[Time "16:59:03"]
[TimeControl "2700+45"]

1. e4 c5 2. c3 Nc6 3. d4 cxd4 4. cxd4 g6 5. Nc3 Bg7 6. Nf3 d6 7. Bc4 Nf6 8. d5
Ne5 9. Nxe5 dxe5 10. O-O O-O 11. Bg5 h6 12. Bd2 a6 13. a3 b5 14. Ba2 Ne8 15. Rc1
Nd6 16. Qe2 Kh7 17. f4 f5 18. fxe5 Bxe5 19. Bf4 Bd4+ 20. Be3 Bg7 21. e5 Bxe5 22.
Bxh6 Bxh2+ 23. Kxh2 Kxh6 24. Rh1 Kg7 25. Qe5+ Rf6 26. Rce1 Ra7 27. Kg1 Nf7 28.
Qh2 Qb6+ 29. Kf1 Qd4 30. Qh7+ Kf8 31. d6 e6 32. Rh4 Qxd6 33. Rd1 Qc6 34. Rh6 Rd7
35. Rxd7 Qxd7 36. Rxg6 Rxg6 37. Qxg6 Ke7 38. Qg7 Bb7 39. Ne2 Qd1+ 40. Kf2 Qd2
41. Qg6 Bc8 42. Qg3 Qxb2 43. Qc7+ Bd7 44. Bxe6 Kxe6 {White forfeits on time} 0-1

[Event "Team 45 45 League T36"]
[Site "Internet Chess Club"]
[Date "2008.03.02"]
[Round "6"]
[White "Vael"]
[Black "MrShaw"]
[Result "1-0"]
[WhiteElo "1858"]
[BlackElo "1811"]
[Opening "French: Tarrasch, closed variation"]
[ECO "C05"]
[Time "11:01:29"]
[TimeControl "2700+45"]

1. e4 e6 2. d4 d5 3. Nd2 Nf6 4. e5 Nfd7 5. Ngf3 c5 6. c3 Nc6 7. Bd3 f6 8. exf6
Qxf6 9. O-O Bd6 10. Re1 O-O 11. Bxh7+ Kxh7 12. Rxe6 Qf4 13. Ne4 Qf5 14. Nxd6
{Black resigns} 1-0

[Event "Team 45 45 League T36"]
[Site "Internet Chess Club"]
[Date "2008.03.02"]
[Round "6"]
[White "RedAttack"]
[Black "NFork"]
[Result "0-1"]
[WhiteElo "2016"]
[BlackElo "2214"]
[Opening "English opening"]
[ECO "A22"]
[Time "14:01:59"]
[TimeControl "2700+45"]

1. c4 e5 2. Nc3 Nf6 3. d4 exd4 4. Qxd4 Nc6 5. Qe3+ Be7 6. Nf3 d5 7. cxd5 Nxd5 8.
Nxd5 Qxd5 9. Bd2 O-O 10. g3 Bc5 11. Qg5 Qxg5 12. Bxg5 Re8 13. Bg2 Bg4 14. h3 Bh5
15. g4 Bg6 16. Rc1 Bb6 17. e3 Nb4 18. Rc4 f6 19. Bh4 Nd3+ 20. Ke2 Nxb2 21. Rc3
Rad8 22. Ne1 Ba5 23. Rb3 Rd2+ 24. Kf1 Bf7 25. Rxb7 Rd1 26. Ke2 Bc4+ 27. Kf3 Bd5+
28. Ke2 Bxb7 29. Bxb7 Rxe1+ 30. Rxe1 Bxe1 31. Kxe1 c5 32. Kd2 Nc4+ 33. Kd3 Nb6
34. Bg3 Kf7 35. e4 Rd8+ 36. Kc3 Rd1 37. h4 Ke7 38. Bc6 Nd7 39. g5 Ne5 40. Bd5
Rd3+ 41. Kc2 Rf3 42. Bg8 Nd3 43. gxf6+ gxf6 44. Bxh7 Nxf2 45. Bb8 a5 46. Ba7 Kd6
47. Bb8+ Kc6 48. h5 Ng4 49. a4 Ne5 50. Bg8 Rh3 51. Bd5+ Kb6 52. Bd6 Rxh5 53. Be7
Rh2+ 54. Kc3 Rh3+ 55. Kc2 Nc6 56. Bxf6 Nb4+ 57. Kb2 Nxd5 58. exd5 Rd3 59. Bd8+
Ka6 60. Be7 Rxd5 61. Kc3 Kb6 62. Kc4 Rd4+ 63. Kb3 Rd7 64. Bf8 Rf7 65. Bd6 Kc6
66. Be5 Rb7+ 67. Ka3 c4 68. Ka2 Kd5 {White resigns} 0-1

[Event "Team 45 45 League T36"]
[Site "Internet Chess Club"]
[Date "2008.03.02"]
[Round "6"]
[White "Silenita"]
[Black "JoshuaFranzj"]
[Result "1-0"]
[WhiteElo "1838"]
[BlackElo "1877"]
[Opening "Sicilian: Keres variation (2.Ne2)"]
[ECO "B20"]
[Time "16:00:52"]
[TimeControl "2700+45"]

1. e4 c5 2. Ne2 d6 3. Nbc3 Nf6 4. g3 Nc6 5. Bg2 g6 6. d3 Bg7 7. O-O O-O 8. a3
Bd7 9. Rb1 Qc7 10. h3 Rfc8 11. Be3 Ne5 12. f4 Nc6 13. g4 Rab8 14. Ng3 b5 15. g5
Ne8 16. Nd5 Qd8 17. f5 Be5 18. Qf3 Nd4 19. Bxd4 Bxd4+ 20. Kh1 Nc7 21. fxg6 fxg6
22. Qf7+ Kh8 23. Nxe7 Be6 24. Nxg6+ hxg6 25. Qxg6 Qe7 26. Nf5 Bxf5 27. Rxf5 Rg8
28. Qh6+ Qh7 29. Qxd6 Rb6 30. Qh2 Rbg6 31. h4 Ne6 32. c3 Bg7 33. Rbf1 Rf8 34.
Qh3 Qg8 35. Qg4 a5 36. Bh3 Rd8 37. h5 Rxg5 38. Rxg5 Nxg5 39. Qxg5 Rxd3 40. Bf5
Qf7 41. Rg1 Rd6 42. Bg6 Qf3+ 43. Qg2 Qxg2+ 44. Rxg2 b4 45. axb4 a4 46. bxc5
{Black resigns} 1-0

[Event "Team 45 45 League T36"]
[Site "Internet Chess Club"]
[Date "2008.03.01"]
[Round "6"]
[White "frothyjowels"]
[Black "ARMAND01968"]
[Result "1-0"]
[WhiteElo "1923"]
[BlackElo "1784"]
[Opening "Sicilian: Najdorf, Poisoned pawn variation"]
[ECO "B97"]
[Time "10:02:22"]
[TimeControl "2700+45"]

1. e4 c5 2. Nf3 d6 3. d4 cxd4 4. Nxd4 Nf6 5. Nc3 a6 6. Bg5 e6 7. f4 Qb6 8. Qd2
Qxb2 9. Rb1 Qa3 10. Be2 Nbd7 11. O-O Qc5 12. Kh1 Be7 13. f5 e5 14. Ne6 fxe6 15.
fxe6 Nf8 16. Bxf6 gxf6 17. Nd5 h5 18. Rxf6 Nxe6 19. Rh6 Rf8 20. Bxh5+ Kd8 21.
Nxe7 Kxe7 22. Rxe6+ Kxe6 23. Bg4+ Ke7 24. Qg5+ Rf6 25. Rf1 Bxg4 26. Qxf6+ Kd7
27. Qg7+ Kc6 28. Qxg4 Qxc2 29. Qe6 Rf8 30. Qd5+ Kc7 31. Rd1 Rf6 32. h3 Kb8 33.
Rd2 Rf1+ 34. Kh2 Qc1 35. Qxd6+ Ka7 36. Qb4 Rh1+ 37. Kg3 Qe1+ 38. Kg4 Qe3 39. Rd7
Qe2+ 40. Kh4 Qf2+ 41. Kh5 Qe2+ 42. Kh6 Qe3+ 43. Kh7 Rxh3+ 44. gxh3 Qxh3+ 45. Kg8
Qxd7 46. Qc5+ Ka8 47. Qxe5 Qg4+ 48. Kf8 Qf3+ 49. Ke8 Qa3 50. Qd5 Qa4+ 51. Kf7
Qc2 52. e5 Qf5+ 53. Ke7 Qh7+ 54. Qf7 Qh4+ 55. Qf6 Qh7+ 56. Kf8 Qc7 57. e6 Qc8+
58. Kf7 Qc7+ 59. e7 Qc4+ 60. Kf8 Qc5 61. Kg8 Qc4+ 62. Qf7 Qg4+ 63. Kf8 Qb4 64.
Kg7 Qg4+ 65. Qg6 Qd4+ 66. Qf6 Qg4+ 67. Kf8 Qb4 68. Qe5 Qa3 69. Kg7 {Black
resigns} 1-0

[Event "Team 45 45 League T36"]
[Site "Internet Chess Club"]
[Date "2008.03.01"]
[Round "6"]
[White "fledermaus"]
[Black "searchforbobby1"]
[Result "1/2-1/2"]
[WhiteElo "1965"]
[BlackElo "2167"]
[Opening "Dutch: stonewall, Botwinnik variation"]
[ECO "A93"]
[Time "17:07:33"]
[TimeControl "2700+45"]

1. d4 f5 2. c4 e6 3. g3 Nf6 4. Bg2 Be7 5. Nf3 O-O 6. O-O d5 7. b3 b6 8. Ba3 c6
9. Bxe7 Qxe7 10. Ne5 Bb7 {Game drawn by mutual agreement} 1/2-1/2

[Event "Team 45 45 League T36"]
[Site "Internet Chess Club"]
[Date "2008.03.04"]
[Round "6"]
[White "keisher415"]
[Black "Grenadier"]
[Result "1-0"]
[WhiteElo "1986"]
[BlackElo "1683"]
[Opening "Caro-Kann: Panov-Botvinnik attack, 5...e6"]
[ECO "B14"]
[Time "20:07:09"]
[TimeControl "2700+45"]

1. e4 c6 2. d4 d5 3. exd5 cxd5 4. c4 Nf6 5. Nc3 e6 6. Nf3 Be7 7. Bd3 Nc6 8. O-O
O-O 9. Bg5 Bd7 10. Bxf6 Bxf6 11. cxd5 exd5 12. Nxd5 Bg4 13. Nxf6+ Qxf6 14. d5
Ne5 15. Be2 Rfe8 16. Nxe5 Bxe2 17. Qxe2 Rxe5 18. Qb5 b6 19. Rfe1 a6 20. Qd3 b5
21. d6 Rd8 22. d7 g6 23. g3 Qe7 24. Rxe5 Qxe5 25. Rd1 Qxb2 26. Re1 Kg7 27. Qd6
Qf6 28. Qc7 Kf8 29. Qc5+ Kg7 30. Qc7 Kf8 31. Qc5+ Kg7 32. Re8 Qa1+ 33. Kg2 Rxd7
34. Qf8+ {Black resigns} 1-0

[Event "Team 45 45 League T36"]
[Site "Internet Chess Club"]
[Date "2008.02.28"]
[Round "6"]
[White "bmw2002"]
[Black "Archdruid"]
[Result "1-0"]
[WhiteElo "1693"]
[BlackElo "1673"]
[Opening "English opening"]
[ECO "A17"]
[Time "21:04:54"]
[TimeControl "2700+45"]

1. c4 e6 2. Nc3 Nf6 3. g3 d5 4. cxd5 exd5 5. d4 Be6 6. Bg2 Nc6 7. Nf3 Qd7 8. O-O
Bh3 9. Re1 O-O-O 10. Bh1 h5 11. Bg5 Be7 12. Ne5 Nxe5 13. dxe5 Ng4 14. Bxe7 Qxe7
15. Qd4 Kb8 16. b4 h4 17. Nb5 b6 18. Rac1 hxg3 19. hxg3 Rd7 20. e4 Qxe5 21. exd5
Qh5 22. Bf3 Qh6 23. d6 Nf6 24. dxc7+ Kc8 25. Nxa7# {Black checkmated} 1-0

[Event "Team 45 45 League T36"]
[Site "Internet Chess Club"]
[Date "2008.02.28"]
[Round "6"]
[White "OOB1"]
[Black "fredd"]
[Result "1/2-1/2"]
[WhiteElo "1559"]
[BlackElo "1550"]
[Opening "Four knights: Scotch variation"]
[ECO "C47"]
[Time "22:11:39"]
[TimeControl "2700+45"]

1. e4 e5 2. Nf3 Nc6 3. Nc3 Nf6 4. d4 Bb4 5. Bg5 Bxc3+ 6. bxc3 h6 7. Bh4 d6 8.
Bb5 O-O 9. Bxc6 bxc6 10. dxe5 dxe5 11. Qxd8 Rxd8 12. O-O Re8 13. Bxf6 gxf6 14.
h3 Rb8 15. Rfe1 Be6 16. a3 Rb2 17. Re2 Reb8 18. Kh2 Rb1 19. Rxb1 Rxb1 20. Re1
Rb2 21. Rc1 Ra2 22. Nd2 Rxa3 23. c4 Ra4 24. c5 Rd4 25. Rd1 Ra4 26. f3 Rd4 27.
Kg3 Rd8 28. Kf2 a5 29. Ke3 a4 30. Ra1 Ra8 31. Ra3 Kf8 32. Kd3 Ra5 33. Nb3 Rb5
34. Nd2 Ra5 35. Nb3 {Game drawn by mutual agreement} 1/2-1/2

[Event "Team 45 45 League T36"]
[Site "Internet Chess Club"]
[Date "2008.02.28"]
[Round "6"]
[White "kevrose07"]
[Black "mitus"]
[Result "0-1"]
[WhiteElo "1904"]
[BlackElo "1925"]
[Opening "Vienna gambit"]
[ECO "C29"]
[Time "16:03:32"]
[TimeControl "2700+45"]

1. e4 e5 2. Nc3 Nf6 3. f4 d5 4. fxe5 Nxe4 5. Nf3 Bg4 6. d4 Bb4 7. Qd3 O-O 8. Be2
Nc6 9. O-O Bf5 10. Ng5 Qd7 11. Nxd5 Qxd5 12. Rxf5 Nxg5 13. Rxg5 Qxd4+ 14. Qxd4
Nxd4 15. Bd3 Ne6 16. Rg4 Bc5+ 17. Kh1 Bd4 18. Re4 Rad8 19. Be3 Bxe3 20. Rxe3 Rd7
21. g3 Nc5 22. Bf5 Rd2 23. Rc3 b6 24. b4 Na6 25. a3 c5 26. Rb1 cxb4 27. axb4 Rd4
28. Ra1 Nxb4 29. Rxa7 Nd5 30. Rf3 g6 31. Bh3 Re4 32. Raxf7 Rxf7 33. Be6 Rxe5 34.
Bxf7+ Kg7 35. c4 Nf6 36. Bd5 Nxd5 37. cxd5 Rxd5 38. Rb3 b5 39. Kg2 Kf6 40. Kf3
Ke5 41. Ke3 Kd6 42. Ke4 Kc6 43. Rb2 Rc5 44. Rf2 b4 45. Kd4 Kb5 46. Rf7 Rc6 47.
Rxh7 b3 48. Kd3 Kb4 49. Rb7+ Ka3 50. Ra7+ Kb2 51. Kd2 Rd6+ 52. Ke2 Kb1 53. h4 b2
54. Ra8 Rd5 55. Rb8 Kc2 56. Rc8+ Kb3 57. Rb8+ Kc3 58. Kf3 Rc5 59. g4 Kc2 60. g5
b1=Q 61. Rxb1 Kxb1 62. Kf4 Rf5+ 63. Kg4 Ra5 64. Kf4 Kc2 65. h5 gxh5 66. g6 h4
67. Kg4 h3 68. g7 Ra8 69. Kxh3 Rg8 {White resigns} 0-1